 Dungeon Crawl Stone Soup version 0.21.1-1-g345015f (webtiles) character file.

820 inc the Shield-Bearer (level 7, 0/43 HPs)
             Began as an Octopode Wizard on Apr 29, 2018.
             Was an Initiate of Kikubaaqudgha.
             Slain by an adder (4 damage)
             ... on level 5 of the Dungeon.
             The game lasted 00:15:52 (6625 turns).

inc the Shield-Bearer (Octopode Wizard)             Turns: 6625, Time: 00:15:52

Health: 0/43       AC:  1    Str:  7    XL:     7   Next: 95%
Magic:  0/11       EV: 13    Int: 22    God:    Kikubaaqudgha [......]
Gold:   242        SH:  7    Dex: 10    Spells: 7/12 levels left

rFire    . . .     SeeInvis .   k - +0 long sword
rCold    . . .     Gourm    .   o - +2 buckler
rNeg     . . .     Faith    .   a - +0 hat
rPois    .         Spirit   .   (no amulet)
rElec    .         Reflect  .   (no ring)
rCorr    .         Harm     .   (no ring)
MR       .....                  (no ring)
Stlth    +++.......             (no ring)
HPRegen  0.14/turn              (no ring)
MPRegen  0.12/turn              (no ring)
                                (no ring)
                                (no ring)

@: no status effects
A: almost no armour, stealthy swim, amphibious, 8 rings, constrict 8, camouflage
1, gelatinous body 1
a: Renounce Religion


You were on level 5 of the Dungeon.
You worshipped Kikubaaqudgha.
Kikubaaqudgha was noncommittal.
You were not hungry.

You visited 2 branches of the dungeon, and saw 7 of its levels.

You collected 242 gold pieces.

Inventory:

Hand Weapons
 k - a +0 long sword (weapon)
 s - a -3 falchion
Missiles
 q - 75 stones (quivered)
Armour
 a - a +0 hat (worn)
 o - a +2 buckler (worn)
Jewellery
 r - an uncursed ring of ice
Wands
 p - a wand of polymorph (7)
Scrolls
 e - a scroll of fear
 g - a scroll of remove curse
 l - a scroll of torment {unknown}
 n - a scroll of blinking
 t - a scroll of silence {unknown}
 w - a scroll of immolation {unknown}
 x - a scroll of noise {unknown}
Potions
 d - a potion of berserk rage
 f - a potion of might
 h - 3 potions of heal wounds
 i - 2 potions of lignification
 j - 4 potions of haste
 m - a potion of resistance
 v - a potion of invisibility
Books
 b - a book of Minor Magic

   Spells                             Type                      Level
   a - Magic Dart                     Conjuration                  1
   b - Blink                          Translocation                2
   c - Call Imp                       Summoning                    2
   d - Slow                           Hexes                        2
   e - Conjure Flame                  Conjuration/Fire             3
   f - Mephitic Cloud                 Conjuration/Poison/Air       3
Comestibles
 c - 11 rations


   Skills:
 + Level 1.4 Fighting
 - Level 2.0 Dodging
 - Level 2.6 Stealth
 - Level 6.4 Shields
 - Level 3.1 Spellcasting
 - Level 5.1 Conjurations
 - Level 1.0 Summonings
 - Level 1.0 Translocations


You had 7 spell levels left.
You knew the following spells:

 Your Spells              Type           Power        Failure   Level  Hunger
a - Magic Dart            Conj           ####         1%          1    None
b - Blink                 Tloc           N/A          12%         2    ##.....
c - Call Imp              Summ           #.......     12%         2    ##.....


Dungeon Overview and Level Annotations

Branches:
Dungeon (6/15)             Temple (1/1) D:4

Altars:
Ashenzari
Cheibriados
Dithmenos
Elyvilon
Fedhas
Hepliaklqana
Kikubaaqudgha
Makhleb
Nemelex Xobeh
Okawaru
Qazlal
Ru
Sif Muna
Trog
Uskayaw
Vehumet
Wu Jian
Xom
Yredelemnul
Zin
The Shining One

Annotations:
D:3 Verendum's ghost, amateur MiMo
D:5 Eustachio; thiefofnight's ghost, amateur MfAs


Innate Abilities, Weirdness & Mutations

You cannot wear most types of armour.
You are very stealthy in the water. (Stealth+)
You are amphibious.
You can wear up to eight rings at the same time.
You can use your tentacles to constrict eight enemies at once.
Your skin changes colour to match your surroundings (Stealth+).
Your rubbery body absorbs attacks. (AC +1, EV +1)


Message History

The crimson imp disappears in a puff of smoke!
Found a potion of curing.
An adder skeleton comes into view.
The adder hisses angrily.
Found a green potion.
The adder skeleton bites you.
* * * LOW HITPOINT WARNING * * *
An ooze comes into view.
You see here a green potion.
The shadow imp shouts, "Quit, thou erky earth-vexing minnow reeky!"
The adder misses you.
Found 13 gold pieces.
The shadow imp hits you.
* * * LOW HITPOINT WARNING * * *
Casting: Blink
Confirm with . or Enter, or press ? or * to list all spells.
A shadowy apparition takes form in the air.
The adder bites you.
You die...
Kikubaaqudgha rasps: "You have failed me!
Welcome... death!"

#........#.......## ##.##
##.########.....## *#.#
*#.#,** ##...## *..#
#.#**,** *#+## #.## .#*
**,#######.#*######.,*
*,***,,.........,.......,*
**,*,,,,#...#...#.5.#..,,*
*,,*,,#!#...#$#...#.#.,,*
*,**,*...#...#.@.#...#,,*
*,**,,......r.S5o......,*
*,*,,,,#...#..Z#...#...,*
*,,,,,#.#...#!#...#$#..,*
***,,*...#...#...#...#,,*
*,,,.................,*
*,,,.#...#...#...#....*
**,,#%#...#$#rZ.#.#..#*
*,*...#...#...#...#.#


You could see an adder, a shadow imp, an orc, a giant cockroach zombie, a
quokka, an adder skeleton and a friendly shadow imp.

Vanquished Creatures
  Duvessa (D:4)
  Dowan (D:4)
  A howler monkey (D:4)
  A bullfrog skeleton (D:4)
  An orc priest (D:3)
  A gnoll shaman (D:3)
  2 hounds (D:4)
  3 worker ants (D:5)
  Ijyb (D:3)
  An iguana (D:4)
  A killer bee zombie (D:3)
  2 hound skeletons (D:5)
  A worker ant zombie (D:5)
  12 gnolls
  7 adders
  A shadow imp (D:5)
  3 oozes
  An adder zombie (D:5)
  An adder skeleton (D:4)
  3 worms
  A dart slug (D:3)
  2 leopard geckos (D:1)
  11 orcs
  7 giant cockroaches
  4 goblins
  5 hobgoblins
  A ball python (D:1)
  3 bats
  5 frilled lizards
  A jackal zombie (D:5)
  4 kobolds
  8 rats
97 creatures vanquished.

Notes
Turn   | Place    | Note
-------+----------+-------------------------------------------
     0 | D:1      | inc the Octopode Wizard began the quest for the Orb.
     0 | D:1      | Reached XP level 1. HP: 11/11 MP: 4/4
   197 | D:1      | Reached XP level 2. HP: 16/17 MP: 0/6
  1002 | D:2      | Reached XP level 3. HP: 21/21 MP: 3/7
  1942 | D:3      | Reached XP level 4. HP: 20/27 MP: 1/8
  2292 | D:3      | Noticed Verendum's ghost (amateur MiMo)
  2423 | D:4      | Noticed Duvessa
  2423 | D:4      | Noticed Dowan
  2423 | D:4      | Noticed Ijyb
  2594 | D:3      | Reached skill level 1 in Shields
  2594 | D:3      | Reached XP level 5. HP: 12/31 MP: 5/9
  3308 | D:3      | Killed Ijyb
  3308 | D:3      | Reached skill level 2 in Shields
  3494 | D:4      | Reached skill level 5 in Conjurations
  3525 | D:4      | Reached XP level 6. HP: 31/36 MP: 2/10
  3647 | D:4      | Learned a level 2 spell: Blink
  3650 | D:4      | Learned a level 2 spell: Call Imp
  3833 | D:4      | Reached skill level 3 in Shields
  4194 | D:4      | Reached skill level 4 in Shields
  4409 | D:4      | Reached XP level 7. HP: 37/41 MP: 2/11
  4894 | D:4      | Found a staircase to the Ecumenical Temple.
  4903 | Temple   | Entered the Ecumenical Temple
  5104 | D:5      | Entered Level 5 of the Dungeon
  5133 | D:5      | Reached skill level 5 in Shields
  5559 | D:5      | Found an iron altar of Okawaru.
  5559 | D:5      | Found a hide-covered altar of Uskayaw.
  5559 | D:5      | Found an ornate altar of the Wu Jian Council.
  5559 | D:5      | Found a stormy altar of Qazlal.
  5559 | D:5      | Noticed thiefofnight's ghost (amateur MfAs)
  5562 | D:5      | Found a shattered altar of Ashenzari.
  5765 | Temple   | Became a worshipper of Kikubaaqudgha
  5786 | D:4      | Killed Duvessa
  5795 | D:4      | Killed Dowan
  5795 | D:4      | Reached skill level 6 in Shields
  6354 | D:5      | Reached skill level 1 in Fighting
  6584 | D:5      | Noticed Eustachio
  6625 | D:5      | Slain by an adder

Skill      XL: |  1  2  3  4  5  6  7 |
---------------+----------------------+-----
Conjurations   | 2 4 5 |  5.1
Shields        | 1 2 4 6 |  6.4
Fighting       | 1 |  1.4
Dodging        | |  2.0
Stealth        | |  2.6
Spellcasting   | |  3.1
Summonings     | |  1.0
Translocations | |  1.0

Action                   |  1- 3 |  4- 6 |  7- 9 || total
-------------------------+-------+-------+-------++-------
Melee: Unarmed           |    19 |     2 |       ||    21
       Constrict         |    10 |    10 |    13 ||    33
       Tentacles         |     2 |     7 |     6 ||    15
       Long sword        |     9 |    25 |    32 ||    66
Throw: Stone             |       |       |     2 ||     2
 Cast: Magic Dart        |    74 |   146 |    70 ||   290
       Blink             |       |       |     2 ||     2
       Call Imp          |       |       |     2 ||     2
  Use: Scroll            |       |     3 |     8 ||    11
       Potion            |       |       |     1 ||     1
 Stab: Sleeping          |     1 |       |     4 ||     5
  Eat: Chunk             |     3 |     5 |       ||     8
       Ration            |       |     1 |     2 ||     3
Armor: Skin              |     2 |     1 |     5 ||     8
Dodge: Dodged            |    20 |    55 |    43 ||   118
Block: Buckler           |       |    18 |    33 ||    51
       Rpst.: Long sword |     2 |    15 |    10 ||    27
